 Dungeon Crawl Stone Soup version 0.18.1-8-gdd0e5ea (webtiles) character file.

28384 M4edhros the Covert (level 13, -1/124 HPs)
             Began as an Octopode Artificer on June 7, 2016.
             Was the Champion of Fedhas.
             Slain by a minotaur
             ... wielding a +3 lightning rod (1/14)
              (8 damage)
             ... in a labyrinth.
             The game lasted 00:56:27 (20739 turns).

M4edhros the Covert (Octopode Artificer)           Turns: 20739, Time: 00:56:28

Health: -1/124     AC:  2    Str: 16    XL:     13   Next: 38%
Magic:  22/22      EV: 17    Int: 15    God:    Fedhas [******]
Gold:   1162       SH:  0    Dex: 16    Spells: 2 memorised, 5 levels left

rFire  . . .     SeeInvis .     Y - +2 rapier (venom)
rCold  . . .     Gourm    .     (no shield)
rNeg   . . .     Faith    .     (helmet restricted)
rPois  .         Spirit   .     C - amulet of rage
rElec  .         Dismiss  .     F - ring of sustain attributes
rCorr  .         Reflect  .     (no ring)
SustAt +         Harm     .     (no ring)
MR     .....                    (no ring)
Stlth  ..........               (no ring)
                                (no ring)
                                (no ring)
                                (no ring)

@: berserking, very quick, not resistant to hostile enchantments, extremely
unstealthy
A: almost no armour, amphibious, 8 rings, constrict 8, rugged brown scales 1,
camouflage 1, deterioration 1, high mp 1, gelatinous body 1, subdued magic 1
a: Evolution, Sunlight, Growth, Reproduction, Rain, Renounce Religion, Evoke
Berserk Rage


You were in a labyrinth.
You worshipped Fedhas.
Fedhas was exalted by your worship.
You were not hungry.

You visited 2 branches of the dungeon, and saw 18 of its levels.
You also visited: Labyrinth.

You collected 1162 gold pieces.

Inventory:

Hand Weapons
 g - a +2 hunting sling
 j - the +6 falchion "Nuzoush" {freeze, rElec}
   (You found it on level 4 of the Lair of Beasts)

   It has been specially enchanted to freeze those struck by it, causing extra
   injury to most foes and up to half again as much damage against particularly
   susceptible opponents.
   It can also slow down cold-blooded creatures.
   It insulates you from electricity.
 p - a +0 spear of venom
 x - a +1 short sword of electrocution
 H - a +2 scimitar of protection
 W - a +1 hunting sling of evasion
 Y - a +2 rapier of venom (weapon)
Missiles
 h - 408 stones (quivered)
 q - 8 curare-tipped needles
 T - 36 sling bullets
Armour
 y - a +1 shield
Rods
 L - a +3 iron rod (10/10)
   (You acquired it on level 3 of the Lair of Beasts)
Jewellery
 m - a +2 amulet of reflection
 B - an uncursed ring of resist corrosion {unknown}
 C - an amulet of rage (around mantle)
 F - a ring of sustain attributes (left tentacle)
Wands
 d - a wand of iceblast (3/15)
 f - a wand of lightning (6/15)
 i - a wand of confusion (0/48)
 u - a wand of heal wounds (0/9)
 D - a wand of confusion (22/48)
 G - a wand of teleportation (3/9)
 N - a wand of slowing (10/48)
 R - a wand of confusion (17/48)
 V - a wand of flame (14/48)
 Z - a wand of random effects (19/48)
Scrolls
 k - 4 scrolls of noise
 t - a scroll of fog
 w - 7 scrolls of teleportation
 I - a scroll of vulnerability
 M - 3 scrolls of identify
Potions
 b - 2 potions of ambrosia
 e - 2 potions of flight
 l - 3 potions of curing
 o - 2 potions of cancellation
 r - a potion of agility {unknown}
 s - a potion of berserk rage
 J - a potion of brilliance
Books
 A - a book of Battle

   Spells                             Type                      Level
   a - Infusion                       Charms                       1
   b - Shroud of Golubria             Charms/Translocation         2
   c - Song of Slaying                Charms                       2
   d - Spectral Weapon                Hexes/Charms                 3
   e - Regeneration                   Charms/Necromancy            3
Miscellaneous
 P - a fan of gales (inert)
Comestibles
 Q - 8 slices of pizza
 S - 34 fruits


   Skills:
 - Level 5.2 Fighting
 - Level 1.0 Short Blades
 - Level 4.8 Polearms
 - Level 3.4 Slings
 - Level 7.5 Dodging
 - Level 13.3 Stealth
 + Level 10.2 Shields
 * Level 1.5 Charms
 * Level 5.5 Summonings
 * Level 1.7 Necromancy
 * Level 5.1 Air Magic
 - Level 10.1 Invocations
 + Level 7.7 Evocations


You had 5 spell levels left.
You knew the following spells:

 Your Spells              Type           Power        Failure   Level  Hunger
a - Summon Lightning Spi  Summ/Air       ##......     30%         4    #####..
b - Regeneration          Chrm/Necr      #.........   38%         3    ####...


Dungeon Overview and Level Annotations

Branches:
Dungeon (12/15)            Temple (0/1) D:7            Lair (6/8) D:10
  Swamp (0/4) Lair:4        Snake (0/4) Lair:5          Orc (0/2) D:9
  Slime: Lair:6-8

Altars:
Dithmenos
Elyvilon
Fedhas
Gozag
Makhleb
Pakellas
Qazlal
Ru
Sif Muna
Trog
Xom
Yredelemnul
The Shining One

Shops:
D:4 (   D:7 (

Portals:
Trove: D:12 (give 19 scrolls of identify)

Annotations:
D:4 protoss039's ghost, novice GrFi
D:10 exclusion: obsidian statue
Lair:5 exclusion: hydra
Lair:6 exclusion: catoblepas


Innate Abilities, Weirdness & Mutations

You cannot wear most types of armour.
You are amphibious.
You can wear up to eight rings at the same time.
You can use your tentacles to constrict eight enemies at once.
Your skin changes colour to match your surroundings (Stealth).
Your rubbery body absorbs attacks (AC +1).
You are partially covered in rugged brown scales (AC +1, +3% HP).
Your body sometimes deteriorates upon taking damage.
You have an increased reservoir of magic (+10% MP).
Your spells are a little easier to cast, but a little less powerful.


Message History

* * * LOW HITPOINT WARNING * * *
The minotaur gores you!
* * * LOW HITPOINT WARNING * * *
Read which item? (? for menu, Esc to quit)
Okay, then.
Drink which item? (? for menu, Esc to quit)
Okay, then.
Okay, then.
Evoke which item? (* to show all) (? for menu, Esc to quit)
Okay, then.
Evoke which item? (* to show all) (? for menu, Esc to quit)
Okay, then.
Drink which item? (? for menu, Esc to quit)
Okay, then.
Drink which item? (? for menu, Esc to quit)
A red film seems to cover your vision as you go berserk!
You feel yourself moving faster!
You feel mighty! The minotaur closely misses you. The minotaur gores you!
You die...
Fedhas appreciates your contribution to the ecosystem.

### #. #.# ..
#. ## #. .#
#.. #...... #
#.# .. ####. #
# ....... ...
.# ##
.#.#######..##
# #.#f....# .#
#. .###H#..#
#.#.# #@# . #.
. #.#.## .# #
#.#.. #..
#.#.# # ###
#.#. #..
....#.#
#########


You could see a minotaur.

Vanquished Creatures
  A hydra (Lair:6)
  A death yak (Lair:5)
  2 hill giants
  An ugly thing (D:12)
  A griffon (Lair:6)
  3 elephants (Lair:5)
  Maurice (D:8)
  A black mamba (Lair:3)
  6 spiny frogs
  A komodo dragon (Lair:6)
  A troll (D:9)
  Grinder (D:3)
  2 wandering mushrooms (D:12)
  A wyvern (D:9)
  4 redbacks (Lab)
  20 yaks
  4 hippogriffs
  11 water moccasins
  6 porcupines
  4 sky beasts
  A black bear (Lair:3)
  9 orc warriors
  A wasp (D:10)
  An ice beast (D:12)
  3 wolves (Lair:6)
  8 ogres
  4 centaurs
  2 phantoms (D:9)
  8 crocodiles
  2 big kobolds
  10 giant frogs
  2 gnoll sergeants
  2 scorpions
  3 wights
  12 killer bees
  2 howler monkeys
  An electric eel (D:9)
  6 crimson imps
  6 hounds
  9 orc priests
  Ijyb (D:3)
  A centaur skeleton (D:8)
  5 giant frog skeletons
  A gnoll shaman (D:6)
  15 iguanas
  13 orc wizards
  8 worker ants
  A sheep (Lair:3)
  3 hound skeletons
  A howler monkey skeleton (D:6)
  11 adders
  18 river rats
  5 gnolls
  A shadow imp (D:6)
  2 white imps (Lair:6)
  3 adder skeletons
  4 worms
  A dart slug (D:1)
  5 giant geckos
  35 orcs
  3 ball pythons
  12 bats
  2 giant cockroaches
  11 hobgoblins
  4 jackals (D:1)
  2 quokkas
  3 giant newts (D:2)
  10 goblins
  17 kobolds
  10 rats
  5 ballistomycetes (Lair:5)
  A giant spore (Lair:5)
  A toadstool (Lair:5)
379 creatures vanquished.

Vanquished Creatures (collateral kills)
  The ghost of Kilrog the Grappler, a journeyman TrMo of Qazlal (Lair:4)
  The ghost of Rationalist the Nimble, a journeyman MiBe of Trog (D:11)
  An ice dragon (Lair:6)
  2 centaur warriors (D:12)
  3 death yaks (Lair:5)
  A black mamba (Lair:2)
  4 elephants (Lair:6)
  2 spiny frogs
  A troll (D:12)
  A polar bear (Lair:3)
  4 blink frogs (Lair:3)
  17 yaks
  A wyvern (D:8)
  2 basilisks
  A hippogriff (Lair:4)
  A hungry ghost (D:12)
  A water moccasin (Lair:4)
  5 orc warriors
  4 porcupines
  An ice beast (D:10)
  An ogre (D:12)
  3 centaurs
  A wolf (Lair:6)
  6 crocodiles
  4 giant frogs
  2 killer bees
  A wight (D:6)
  2 orc priests
  A hound (D:10)
  6 orc wizards
  3 iguanas
  A worker ant (D:8)
  4 gnolls
  5 river rats (Lair:3)
  A white imp (Lair:6)
  2 adder skeletons
  8 orcs
  A giant cockroach (D:6)
  7 jackals
  3 butterflies (Lair:2)
  2 giant spores (Lair:5)
  A hyperactive ballistomycete (Lair:5)
119 creatures vanquished.

Vanquished Creatures (others)
  17 wandering mushrooms
  An orc priest (D:7)
  A kobold (D:11)
  A ballistomycete (Lair:5)
  5 fungi
  5 plants
  483 toadstools
513 creatures vanquished.

Grand Total: 1011 creatures vanquished

Notes
Turn   | Place    | Note
--------------------------------------------------------------
     0 | D:1      | M4edhros the Octopode Artificer began the quest for the Orb.
     0 | D:1      | Reached XP level 1. HP: 13/13 MP: 3/3
    44 | D:1      | Reached skill level 2 in Stealth
   158 | D:1      | Reached XP level 2. HP: 15/18 MP: 4/4
   160 | D:1      | Reached skill level 3 in Stealth
   565 | D:1      | Reached skill level 4 in Stealth
   663 | D:1      | Reached XP level 3. HP: 19/23 MP: 5/5
   885 | D:2      | Found an opulent altar of Gozag.
  1422 | D:2      | Reached skill level 5 in Stealth
  1560 | D:2      | Reached XP level 4. HP: 25/28 MP: 6/6
  2062 | D:4      | Found a sacrificial altar of Ru.
  2080 | D:4      | Reached skill level 6 in Stealth
  2080 | D:4      | Reached XP level 5. HP: 26/33 MP: 7/7
  2225 | D:4      | Found Lepu's Weapon Boutique.
  2268 | D:4      | Found a blossoming altar of Fedhas.
  2293 | D:4      | Noticed an ogre
  2306 | D:4      | Reached skill level 1 in Polearms
  2334 | D:4      | Became a worshipper of Fedhas Madash
  2382 | D:4      | Reached XP level 6. HP: 27/39 MP: 8/8
  3001 | D:3      | Noticed Ijyb
  3058 | D:3      | Killed Ijyb
  3077 | D:3      | Reached skill level 7 in Stealth
  3095 | D:3      | Found a faded altar to an unknown god.
  3114 | D:3      | Noticed Grinder
  3163 | D:3      | Killed Grinder
  3163 | D:3      | Reached XP level 7. HP: 25/45 MP: 9/9
  3359 | D:3      | Reached * piety under Fedhas
  3368 | D:3      | Found a deep blue altar of Sif Muna.
  3382 | D:3      | Reached skill level 8 in Stealth
  3386 | D:3      | Identified Sif Muna's Guide on Creation (You found it on level 3 of the Dungeon)
  3647 | D:3      | Found a bloodstained altar of Trog.
  3786 | D:4      | Noticed protoss039's ghost (novice GrFi)
  3825 | D:5      | Entered Level 5 of the Dungeon
  3864 | D:5      | Reached skill level 1 in Shields
  4150 | D:5      | Reached skill level 1 in Invocations
  4284 | D:5      | Found a stormy altar of Qazlal.
  4329 | D:5      | Reached XP level 8. HP: 52/52 MP: 10/10
  4330 | D:5      | Reached ** piety under Fedhas
  4799 | D:6      | Found a basalt altar of Yredelemnul.
  4821 | D:6      | HP: 1/53 [orc warrior/tomahawk (20)]
  4833 | D:6      | Reached skill level 9 in Stealth
  5447 | D:6      | Reached XP level 9. HP: 38/58 MP: 8/11
  5480 | D:6      | Found a glowing golden altar of the Shining One.
  6002 | D:7      | Reached skill level 5 in Dodging
  6288 | D:7      | Found Ityth's Weapon Shoppe.
  6443 | D:7      | Reached skill level 10 in Stealth
  6604 | D:7      | Found a white marble altar of Elyvilon.
  6899 | D:7      | Found a shadowy altar of Dithmenos.
  6900 | D:7      | Found an oddly glowing altar of Pakellas.
  6992 | D:7      | Found a staircase to the Ecumenical Temple.
  7152 | D:8      | Noticed Maurice
  7161 | D:8      | Killed Maurice
  7192 | D:8      | Reached *** piety under Fedhas
  7217 | D:8      | Reached skill level 5 in Shields
  7381 | D:8      | Reached skill level 5 in Invocations
  7401 | D:8      | Found an oddly glowing altar of Pakellas.
  7492 | D:8      | Reached XP level 10. HP: 46/65 MP: 13/13
  7630 | D:8      | Found a burning altar of Makhleb.
  8352 | D:9      | Gained mutation: Your muscles are strong. (Str +2) [potion of mutation]
  8352 | D:9      | Gained mutation: You regenerate slowly when monsters are visible. [potion of mutation]
  8352 | D:9      | Lost mutation: Your muscles are strong. (Str +2) [potion of mutation]
  8373 | D:9      | Reached skill level 11 in Stealth
  8394 | D:9      | Reached skill level 5 in Fighting
  8538 | D:9      | Reached skill level 5 in Evocations
  8756 | D:9      | Reached **** piety under Fedhas
  8993 | D:9      | Found a staircase to the Orcish Mines.
  9024 | D:9      | Reached ***** piety under Fedhas
  9276 | D:10     | Entered Level 10 of the Dungeon
  9867 | D:10     | Noticed an obsidian statue
 10034 | D:10     | Found a staircase to the Lair.
 10053 | D:10     | Noticed a hill giant
 10183 | D:10     | Got a pitted great mace
 10184 | D:10     | Identified the cursed +1 great mace of Lemeliq {crush, +Inv rPois rC+} (You found it on level 10 of the Dungeon)
 10262 | D:10     | Killed a hill giant
 10262 | D:10     | Reached skill level 12 in Stealth
 10558 | D:10     | Reached XP level 11. HP: 35/72 MP: 16/16
 10779 | D:10     | Noticed a sixfirhy
 10945 | D:10     | Got a wavering golden amulet
 10999 | D:10     | Identified the amulet of Equivalence {Gourm rN+ MP+9 Str-4} (You found it on level 10 of the Dungeon)
 11631 | D:11     | Noticed Rationalist's ghost (journeyman MiBe)
 11730 | D:11     | Killed Rationalist's ghost
 11969 | D:11     | Gained mutation: You are partially covered in rugged brown scales (AC +1, +3% HP). [potion of mutation]
 11969 | D:11     | Gained mutation: Your body sometimes deteriorates upon taking damage. [potion of mutation]
 11969 | D:11     | Gained mutation: You have an increased reservoir of magic (+10% MP). [potion of mutation]
 12002 | D:12     | Noticed a hill giant
 12013 | D:12     | Killed a hill giant
 12182 | D:12     | Noticed a white ugly thing
 12222 | D:12     | Killed a white ugly thing
 12229 | D:12     | Gained mutation: Your spells are a little easier to cast, but a little less powerful. [mutagenic meat]
 12230 | D:12     | Lost mutation: You regenerate slowly when monsters are visible. [mutagenic meat]
 12405 | D:12     | Noticed a centaur warrior
 12423 | D:12     | Killed a centaur warrior
 12681 | D:12     | Found a portal to a secret trove of treasure.
 13040 | D:12     | Found a glowing golden altar of the Shining One.
 13111 | D:12     | Noticed a centaur warrior
 13122 | D:12     | Killed a centaur warrior
 13122 | D:12     | Reached skill level 13 in Stealth
 13384 | Lair:1   | Entered Level 1 of the Lair of Beasts
 13785 | Lair:1   | Reached XP level 12. HP: 79/79 MP: 20/20
 14303 | Lair:2   | Reached ****** piety under Fedhas
 14952 | Lair:2   | Learned a level 4 spell: Summon Lightning Spire
 15445 | Lair:3   | Reached skill level 1 in Summonings
 15684 | Lair:3   | Reached skill level 1 in Air Magic
 16063 | Lair:3   | Identified a scroll of acquirement
 16171 | Lair:3   | Reached skill level 10 in Invocations
 16424 | Lair:3   | Found a shimmering altar of Xom.
 16807 | Lair:4   | Noticed Kilrog's ghost (journeyman TrMo)
 16818 | Lair:4   | Killed Kilrog's ghost
 17008 | Lair:4   | Got an iridescent falchion
 17012 | Lair:4   | Identified the +6 falchion "Nuzoush" {freeze, rElec} (You found it on level 4 of the Lair of Beasts)
 17936 | Lair:4   | Reached skill level 1 in Slings
 17962 | Lair:4   | Found a staircase to the Swamp.
 18485 | Lair:5   | Found a staircase to the Snake Pit.
 18493 | Lair:5   | Reached skill level 10 in Shields
 19039 | Lair:5   | Noticed a death yak
 19049 | Lair:5   | Noticed a death yak
 19051 | Lair:5   | Noticed a death yak
 19054 | Lair:5   | Noticed a death yak
 19066 | Lair:5   | Killed a death yak
 19066 | Lair:5   | Reached XP level 13. HP: 52/83 MP: 13/22
 19709 | Lair:6   | Reached skill level 5 in Summonings
 19740 | Lair:6   | Learned a level 3 spell: Regeneration
 19861 | Lair:6   | Noticed an ice dragon
 19875 | Lair:6   | Killed an ice dragon
 19907 | Lair:6   | Reached skill level 1 in Necromancy
 19921 | Lair:6   | Reached skill level 1 in Charms
 19942 | Lair:6   | Found a labyrinth entrance.
 19983 | Lair:6   | Reached skill level 5 in Air Magic
 20020 | Lab      | Entered a labyrinth
 20725 | Lab      | Noticed a minotaur
 20738 | Lab      | HP: 4/83 [minotaur/lightning rod (15)]
 20739 | Lab      | Slain by a minotaur

Skill      XL: |  1  2  3  4  5  6  7  8  9 10 11 12 13 |
---------------+----------------------------------------+-----
Stealth        | 2 4 5 6 7 8 9 10 12 13 | 13.3
Fighting       | 2 3 4 5 |  5.2
Polearms       | 1 2 3 4 |  4.8
Dodging        | 3 4 5 6 7 |  7.5
Shields        | 1 3 5 6 8 10 | 10.2
Invocations    | 2 3 5 6 8 10 | 10.1
Evocations     | 4 5 6 7 |  7.7
Summonings     | 4 5 |  5.5
Air Magic      | 3 5 |  5.1
Slings         | 2 3 |  3.4
Necromancy     | 1 |  1.7
Charms         | 1 |  1.5
Short Blades   | |  1.0

Action                   |  1- 3 |  4- 6 |  7- 9 | 10-12 | 13-15 || total
-------------------------+-------+-------+-------+-------+-------++-------
Melee: Short sword       |    66 |       |       |   273 |       ||   339
       Constrict         |    17 |    15 |    48 |    90 |     2 ||   172
       Tentacles         |     9 |     9 |    41 |   121 |     2 ||   182
       Dagger            |       |    65 |   192 |   143 |       ||   400
       Spear             |       |     3 |    12 |    60 |       ||    75
       Scimitar          |       |       |       |    73 |       ||    73
       Falchion          |       |       |       |    61 |     6 ||    67
       Rapier            |       |       |       |       |    15 ||    15
 Fire: Hunting sling     |       |       |     2 |    17 |    11 ||    30
Invok: Evolution         |       |       |     6 |    15 |     4 ||    25
       Sunlight          |       |       |     5 |     5 |       ||    10
       Reproduction      |       |       |       |     2 |       ||     2
Evoke: Wand              |     6 |     4 |    26 |    36 |    22 ||    94
       Fan of gales      |       |       |       |     1 |     1 ||     2
  Use: Scroll            |       |     2 |     4 |    27 |     3 ||    36
       Potion            |       |       |     4 |    13 |     1 ||    18
 Stab: Sleeping          |     8 |    15 |    19 |    46 |     5 ||    93
       Distracted        |       |     1 |     1 |     3 |     2 ||     7
       Confused          |       |       |     2 |     6 |       ||     8
       Invisible         |       |       |       |     1 |       ||     1
  Eat: Chunk             |     2 |     2 |     2 |     5 |     2 ||    13
       Bread ration      |       |     1 |     2 |     5 |       ||     8
       Pizza             |       |       |     1 |       |     1 ||     2
       Beef jerky        |       |       |       |     3 |     2 ||     5
       Meat ration       |       |       |       |     2 |       ||     2
Armor: Skin              |     4 |     2 |     9 |    21 |     1 ||    37
Dodge: Dodged            |    38 |    16 |    54 |   248 |    30 ||   386
Block: Other             |     4 |     4 |       |       |       ||     8
       Shield            |       |     5 |    89 |   323 |     4 ||   421
       Reflection        |       |       |     3 |    14 |       ||    17
